 Dungeon Crawl Stone Soup version 0.30-a0-799-g109b55a442 (webtiles) character file.

Game seed: 1937226858748485968

39 hikkokomori the Digger (level 3, -8/20 HPs)
             Began as a Gargoyle Earth Elementalist on Feb 20, 2023.
             Mangled by Terence
             ... wielding a +0 flail
              (10 damage)
             ... on level 2 of the Dungeon.
             The game lasted 00:02:51 (1320 turns).

hikkokomori the Digger (GrEE)                       Turns: 1320, Time: 00:02:51

Health: -8/20      AC:  8    Str: 11    XL:     3   Next: 47%
Magic:  3/6        EV: 11    Int: 17    God:
Gold:   108        SH:  0    Dex: 10    Spells: 0/6 levels left

rFire   + . .      SeeInvis .    k - +0 dagger
rCold   . . .      Faith    .    (no shield)
rNeg    + . .      Spirit   .    i - +2 robe {rF+}
rPois   ∞          Reflect  .    (no helmet)
rElec   +          Harm     .    (no cloak)
rCorr   .          Rampage  .    d - +0 pair of gloves
Will    .....                    (no boots)
Stlth   ++                       (no amulet)
HPRegen 0.23/turn                (no ring)
MPRegen 0.10/turn                (no ring)

@: no status effects
A: sickness immunity, AC +3, negative energy resistance 1, electricity
resistance, torment resistance 1, petrification resistance
a: no special abilities


You were on level 2 of the Dungeon.
You visited 1 branch of the dungeon, and saw 2 of its levels.

You collected 108 gold pieces.

Inventory:

Hand Weapons
 k - a +0 dagger (weapon)
Missiles
 h - a datura-tipped dart
 j - 2 javelins
Armour
 a - a +0 robe
 d - a +0 pair of gloves (worn)
 i - a +2 robe of fire resistance (worn)
Scrolls
 f - a scroll of fear {unknown}
 m - a scroll of brand weapon {unknown}
 n - a scroll of magic mapping {unknown}
Potions
 b - a potion of magic
 c - a potion of lignification {unknown}
 e - a potion of attraction {unknown}
 g - a potion of degeneration {unknown}
 o - a potion of curing {unknown}
 p - a potion of mutation


   Skills:
 + Level 1.6 Fighting
 - Level 1.5 Dodging
 + Level 3.0 Stealth
 - Level 2.0 Spellcasting
 + Level 0.3 Conjurations
 - Level 0.7 Transmutations
 + Level 4.2 Earth Magic


You couldn't memorise any spells.
You knew the following spells:

 Your Spells              Type           Power      Damage    Failure   Level
a - Sandblast             Erth           32%        2d9       3%          1
b - Passwall              Tmut/Erth      8%         N/A       11%         2
c - Stone Arrow           Conj/Erth      18%        3d8       22%         3

Your spell library contained the following spells:

 Spells                   Type           Power      Damage    Failure   Level
 Gell's Gravitas          Tloc           1%         N/A       50%         3
 Teleport Other           Tloc           1%         N/A       50%         3
 Petrify                  Tmut/Erth      10%        N/A       56%         4
 Dispersal                Tloc           0%         N/A       100%        6


Dungeon Overview and Level Annotations

Branches:
Dungeon (2/15)

Altars:

Shops:
D:1 *[

Annotations:
D:2 Terence


Innate Abilities, Weirdness & Mutations

You are immune to sickness and miasma.
Your stone body is resilient. (AC +3)
You are immune to poison.
You resist negative energy. (rN+)
You are resistant to electric shocks. (rElec)
You are resistant to unholy torment.
You are immune to petrification.


Message History

Aim: Terence, wielding a +0 flail and wearing a +0 scale mail (fast, strong, frenzied and insane, unaware, 58% to hit)
Okay, then.
Terence shouts!
Terence shouts!
Terence shouts! x2
Terence shouts!
As you read the scroll labelled GASOFI INAAVES, it crumbles to dust.
It is a scroll of identify.
p - a potion of mutation Terence hits you with a +0 flail!
Ouch! That really hurt!
* * * LOW HITPOINT WARNING * * *
Casting: Sandblast (safe; 3% risk of failure)
Confirm with . or Enter, or press ? or * to list all spells.
Aiming: Sandblast (safe; 3% risk of failure)
Press: ? - help, Shift-Dir - straight line, f/p - Terence
Aim: Terence, wielding a +0 flail and wearing a +0 scale mail (fast, strong, frenzied and insane, 84% to hit)
The blast of sand hits Terence!
Terence is heavily wounded.
Terence barely misses you. Terence closely misses you.
Casting: Sandblast (safe; 3% risk of failure)
Confirm with . or Enter, or press ? or * to list all spells.
Aiming: Sandblast (safe; 3% risk of failure)
Press: ? - help, Shift-Dir - straight line, f/p - Terence
Aim: Terence, wielding a +0 flail and wearing a +0 scale mail (heavily wounded, fast, strong, frenzied and insane, 84% to hit)
The blast of sand hits Terence but does no damage.
Terence is heavily wounded.
Terence hits you with a +0 flail.
* * * LOW HITPOINT WARNING * * *
Terence hits you but does no damage. Terence closely misses you.
Casting: Sandblast (safe; 3% risk of failure)
Confirm with . or Enter, or press ? or * to list all spells.
Aiming: Sandblast (safe; 3% risk of failure)
Press: ? - help, Shift-Dir - straight line, f/p - Terence
Aim: Terence, wielding a +0 flail and wearing a +0 scale mail (heavily wounded, fast, strong, frenzied and insane, 84% to hit)
The blast of sand hits Terence but does no damage.
Terence is heavily wounded.
Terence barely misses you. Terence hits you with a +0 flail!
Ouch! That really hurt!
You die...

#.......# #.......########
#.......##.....#############
#........'.................##
#.......##.....#........#...#
#.......##.....#.######.#...###
.#.......##.....#...####.#......
#†............@@............>..#
...(......†.........########.†.#
..).#........######## #....
.............# #)#.#
##...........# ########## #.#.#
##...#####+## #........# #.#..
#.#. #........# #.### ..#.
#........# #.# #...(....###'##.


You could see the neutral Terence (fast, strong, insane).

Vanquished Creatures
  A dart slug (D:1)
  4 endoplasms (D:1)
  A giant cockroach (D:1)
  3 goblins (D:1)
  6 hobgoblins (D:1)
  3 jackals (D:2)
  A quokka (D:2)
  A ball python (D:1)
  4 bats
  3 kobolds
  3 rats (D:1)
30 creatures vanquished.

Vanquished Creatures (collateral kills)
  A hobgoblin (D:2)
  A rat (D:2)
2 creatures vanquished.

Vanquished Creatures (others)
  2 plants (D:1)
2 creatures vanquished.

Grand Total: 34 creatures vanquished

Notes
Turn   | Place    | Note
-------+----------+-------------------------------------------
     0 | D:1      | hikkokomori the Gargoyle Earth Elementalist began the quest
                  | for the Orb.
     0 | D:1      | Reached XP level 1. HP: 10/10 MP: 3/3
    88 | D:1      | Found Jenuuhul's Armour Shop.
   233 | D:1      | Reached XP level 2. HP: 16/16 MP: 1/5
   236 | D:1      | Learned a level 2 spell: Passwall
   454 | D:1      | Found Teoph's Assorted Antiques.
   478 | D:1      | Reached skill level 1 in Fighting
   522 | D:1      | Reached skill level 4 in Earth Magic
   808 | D:1      | Reached XP level 3. HP: 20/20 MP: 4/6
  1159 | D:1      | Learned a level 3 spell: Stone Arrow
  1303 | D:2      | Noticed Terence
  1320 | D:2      | Mangled by Terence

Illustrated notes

Levels and vault maps discovered:
D:1:      dpeg_arrival_three_smaller_balls, layout_basic, serial_shops,
          nicolae_shop_advertising_works [nicolae_subvault_shop_adworks],
          shop_statue, serial_bayou, serial_bayou_ford_a, serial_bayou_pond_d,
          serial_bayou_lagoon_a, serial_bayou_pond_b, minmay_heptomino_o4
D:2:      layout_basic, minivault_27, uniq_terence

Skill      XL: |  1  2  3 |
---------------+----------+-----
Fighting       | 1 |  1.6
Earth Magic    | 4 |  4.2
Stealth        | 3 |  3.0
Dodging        | |  1.5
Spellcasting   | |  2.0
Conjurations   | |  0.3
Transmutations | |  0.7

Action                     || total
---------------------------++-------
  Melee: Unarmed           ||    20
  Throw: Dart              ||     1
   Cast: Sandblast         ||    43
    Use: Scroll            ||     1
 Armour: Robe              ||    14
  Dodge: Dodged            ||    16

Table legend: (Time is in decaauts)
 A = Elapsed time spent in this place.
 B = Non-inter-level travel time spent in this place.
 C = Inter-level travel time spent in this place.
 D = Time resting spent in this place.
 E = Time spent auto-exploring this place.
 F = Levels seen in this place.
 G = Mean time per level.
                   A        B        C        D        E       F      G
               +--------+--------+--------+--------+--------+-----+--------+
         Total |   1365 |   1334 |     31 |      0 |   1109 |   2 |  682.5 |
       Dungeon |   1365 |   1334 |     31 |      0 |   1109 |   2 |  682.5 |
               +--------+--------+--------+--------+--------+-----+--------+

Top non-repeatable levels by time:
     D:1: 1217 daAuts
     D:2: 147 daAuts
